AoeStats
← jaclay65

Arabia

509260711Analyzed
3v3 RM · 6d ago on Sep 26, 2026· 47m 6s· 6 players
Game mode
Random Map
Map size
Normal (6 player)
Population
200
Speed
Normal
Resources
Standard
Victory
Conquest
Starting age
Dark Age
Ending age
Imperial Age
RankedLock teamsTeams togetherTeam positionsShared explorationLock speedFull tech treeHidden civsTurbo modeCheats
Victory
Defeat
🇹🇼 Franks · Taiwan
1458
+15
🇺🇸 Khmer · United States
1372
+41
🇺🇸 Bohemians · United States
1304
+21
🇲🇽 Hindustanis · Mexico
1446
-19
🇲🇽 Varangians · Mexico
1434
-19
🇲🇽 Saxons · Mexico
1408
-17
M The Beast W
6:23 Loom
9:07 Feudal Age
14:51 Fletching
16:45 Double-Bit Axe
18:10 Horse Collar
21:20 Castle Age
20:48 Gold Mining
21:59 Bodkin Arrow
21:27 Crossbowman
23:09 Ballistics
24:08 Padded Archer Armor
25:12 Leather Archer Armor
30:25 Wheelbarrow
31:11 Stone Mining
33:40 Bow Saw
33:34 Heavy Plow
34:39 Stone Shaft Mining
34:44 Gold Shaft Mining
38:55 Imperial Age
36:52 Scale Barding Armor
36:58 Forging
37:15 Hand Cart
37:42 Tusk Swords
37:56 Forging
38:20 Bloodlines
38:10 Husbandry
38:31 Scale Barding Armor
40:23 Chain Barding Armor
42:03 Bracer
42:43 Plate Barding Armor
42:52 Elite Battle Elephant
44:56 Iron Casting
46:36 Blast Furnace
apple6206ha
3:56 Loom
8:56 Feudal Age
9:30 Double-Bit Axe
16:51 Forging
18:35 Scale Barding Armor
22:36 Castle Age
22:08 Gold Mining
23:51 Chain Barding Armor
29:18 Bow Saw
30:42 Stone Mining
34:03 Wheelbarrow
33:26 Town Watch
34:55 Husbandry
40:32 Iron Casting
41:07 Hand Cart
41:58 Fletching
47:30 Imperial Age
46:39 Bodkin Arrow
jaclay65
7:20 Loom
9:32 Feudal Age
9:59 Double-Bit Axe
20:08 Castle Age
18:56 Scale Barding Armor
18:44 Horse Collar
21:04 Bow Saw
21:17 Fletching
22:46 Chemistry
21:59 Bodkin Arrow
25:45 Wheelbarrow
24:55 Town Watch
31:20 Padded Archer Armor
32:18 Hand Cart
32:03 Town Patrol
32:28 Squires
34:30 Heavy Plow
35:47 Pikeman
40:57 Imperial Age
38:42 Scale Mail Armor
38:52 Forging
40:21 Ballistics
40:13 Masonry
39:40 Elite Skirmisher
40:47 Chain Mail Armor
41:07 Iron Casting
40:48 Leather Archer Armor
41:08 Arson
42:13 Bracer
42:47 Husbandry
42:08 Light Cavalry
42:56 Scale Barding Armor
45:36 Blast Furnace
45:06 Plate Mail Armor
46:15 Town Patrol
47:45 Siege Engineers
48:01 Bombard Tower
47:32 Guard Tower
47:28 Arrowslits
JL8470
5:35 Loom
8:50 Feudal Age
9:48 Double-Bit Axe
12:18 Forging
14:46 Scale Barding Armor
21:56 Bloodlines
22:52 Wheelbarrow
26:25 Castle Age
27:07 Husbandry
27:30 Chain Barding Armor
28:17 Iron Casting
29:01 Horse Collar
28:56 Light Cavalry
39:19 Heavy Plow
45:34 Hand Cart
Juan Nieves
6:32 Loom
8:59 Feudal Age
9:02 Man-at-Arms
10:05 Arson
19:56 Castle Age
18:16 Double-Bit Axe
18:41 Gold Mining
19:07 Horse Collar
19:44 Fletching
20:11 Padded Archer Armor
20:47 Bodkin Arrow
24:08 Ballistics
41:13 Wheelbarrow
Quique 13
7:08 Loom
10:08 Feudal Age
11:22 Double-Bit Axe
16:43 Castle Age
14:38 Horse Collar
16:33 Scale Mail Armor
21:26 Bow Saw
24:40 Pikeman
25:20 Squires
25:06 Arson
29:18 Forging
29:09 Padded Archer Armor
29:28 Chain Mail Armor
29:03 Fletching
33:43 Elite Skirmisher
34:59 Gold Mining
35:01 Stone Mining
36:55 Gold Shaft Mining
36:43 Bodkin Arrow
38:59 Iron Casting
38:40 Leather Archer Armor
42:51 Thumb Ring
43:42 Wheelbarrow
43:59 Heavy Plow
Connection lost

Rejoining the realm…

Still unreachable

The connection could not be restored.

Session expired

The server has moved on; the page needs a fresh start.